Cogmind - Beta 16 @@@ ROGUE MODE // 2025.11.25 @ 20:59:25 Player: XenoCoyote Result: Destroyed by 2F-0D0(R) with Subdweller Machine Gun Performance ------------- Evolutions (0) 0 Regions Visited (2) 400 Robots Destroyed (25) 125 Value Destroyed (594) 594 Prototype IDs (0) 0 Alien Tech Used (0) 0 Bonus (0) 0 TOTAL SCORE: 1119 Bonus ------- None Cogmind --------- Core Integrity 0/250 Matter 209/300 Energy 250/250 System Corruption 0% Temperature Cool (0) Movement Core (500) Ox9 Location -10/Subcaves Parts ------- > --- POWER (1) -------- Ion Engine > --- PROPULSION (2) --- (None) > --- UTILITY (2) ------ Scrap Shield > --- WEAPON (2) ------- Small Laser Subdweller Machine Gun > --- INVENTORY (5) ---- Light Ion Engine Light Ion Engine Subdweller Machine Gun Multitool Peak State ------------ > --- POWER ------------ Subdweller Power Source > --- PROPULSION ------- Subdweller Monowheel Subdweller Monowheel > --- UTILITY ---------- Scrap Shield > --- WEAPON ----------- Subdweller Machine Gun Grenade Launcher > --- INVENTORY -------- Ion Engine Light Ion Engine Small Laser Scrap Shield Fragment [Rating: 13] Favorites ----------- Power Ion Engine Engine Ion Engine Propulsion Flight Unit Treads Light Treads Wheel Subdweller Monowheel Flight Unit Flight Unit Utility Scrap Shield Device Tractor Beam Storage Small Battery Protection Scrap Shield Weapon Small Laser Energy Gun Small Laser Ballistic Gun Subdweller Machine Gun Launcher Grenade Launcher Build | -11 -10 -10 ------- Run | Yrd Mat Sub Slots Evolved . | . . . Power . | . . . Propulsion . | . . . Utility . | . . . Weapon . | . . . Parts Attached 33 | 7 13 13 Power 6 | 1 1 4 Engine 6 | 1 1 4 Core . | . . . Reactor . | . . . Propulsion 7 | 2 2 3 Treads 2 | 2 . . Leg . | . . . Wheel 3 | . . 3 Hover . | . . . Flight 2 | . 2 . Utility 9 | 2 4 3 Device 3 | 1 1 1 Storage 4 | 1 2 1 Processor . | . . . Hackware . | . . . Protection 2 | . 1 1 Artifact . | . . . Weapon 11 | 2 6 3 Energy Gun 2 | . 2 . Energy Cannon . | . . . Ballistic Gun 8 | 2 3 3 Ballistic Cannon . | . . . Launcher 1 | . 1 . Special Weapon . | . . . Impact Weapon . | . . . Slashing Weapon . | . . . Piercing Weapon . | . . . Special Melee Weapon . | . . . Unidentified Prototypes . | . . . Parts Lost 7 | . 1 6 Power 2 | . . 2 Propulsion 3 | . . 3 Utility 1 | . 1 . Weapon 1 | . . 1 Highest Loss Streak 3 | . 1 3 To Critical Strikes . | . . . Average Backups 3 | 3 4 3 Power 1 | . 1 2 Propulsion . | 1 . . Utility . | . . . Weapon 1 | . 1 1 Tool/Special . | . . . Unused Backups 4 | . 3 1 Power 1 | . 1 . Propulsion 2 | . 2 . Utility . | . . . Weapon . | . . . Tool/Special 1 | . . 1 Average Slot Usage (%) 64 | . 75 60 Engine 11 | . 13 10 Treads 2 | . 9 . Wheel 4 | . . 6 Flight 7 | . 18 2 Device 1 | . 4 . Storage 3 | . 7 1 Protection 8 | . . 11 Energy Gun 8 | . 4 9 Ballistic Gun 12 | . 15 11 Launcher 2 | . . 4 Peak Build Rating 13 | 7 7 13 Average Rating 7 | 5 5 8 On Entrance 4 | . 7 5 Avg Prop Armor Cover (%) 1 | . . 1 Naked Turns . | . . . Heaviest Build 30 | 13 29 30 Greatest Support 40 | 40 40 40 Greatest Overweight (x) 9 | . 1 9 Average Overweight (x) 1 | . . 2 Largest Inventory Capacity 15 | 8 15 5 Average Capacity 6 | 7 8 5 Most Carried 7 | 4 7 5 Average Carried 3 | 3 4 3 Final Capacity 8 | 8 5 5 Final Carried 4 | 4 4 4 Class Distribution -------------------- 50% | Mutant 34% | Scavenger-Mutant 15% | Subdweller-Mutant Dominant Class ---------------- Mutant | -10/Materials Scavenger-Mutant | -10/Subcaves Resources | -11 -10 -10 ----------- Run | Yrd Mat Sub Matter Collected 891 | 290 359 242 Remotely 187 | 51 136 . Salvage Created 743 | 93 459 191 Parts 54 | 7 30 17 Haulers Intercepted . | . . . Recyclers Shooed 2 | 1 1 . Parts Field Recycled . | . . . Retrieved Matter . | . . . Parts Self-Destructed 8 | . . 8 Prevented . | . . . Parts Restored . | . . . Kills | -11 -10 -10 ------- Run | Yrd Mat Sub Combat Hostiles Destroyed 22 | . 14 8 Guns 15 | . 11 4 AOE 7 | . 3 4 Classes Destroyed 5 | 2 2 1 Tunneler 1 | 1 . . Recycler 2 | 1 1 . Swarmer 9 | . 6 3 Grunt 8 | . 8 . Subdweller 5 | . . 5 Best Kill Streak 4 | 2 4 3 Combat Bots Only 3 | . 3 3 Max Kills in Single Turn 3 | 1 3 1 Gunslinging . | . . . Exploded 2 | . 2 1 Melee . | . . . Uniques/NPCs Destroyed . | . . . Combat | -11 -10 -10 -------- Run | Yrd Mat Sub Hostile Shots Fired 166 | . 86 80 Missed 65 | . 37 28 Hits 101 | . 49 52 Projectile 101 | . 49 52 Critical Strikes 3 | . . 3 Damage Taken 1387 | . 484 903 Core 264 | . 118 146 Absorbed by Shields . | . . . Regen/Repaired (Parts) 30 | . 30 . Core Remaining (%) 100 | 100 . . Volleys Fired 125 | 10 72 43 Largest 2 | 2 2 2 Hottest 70 | 40 40 70 Shots Fired 166 | 20 97 49 Gun 148 | 20 94 34 Cannon . | . . . Launcher 18 | . 3 15 Special . | . . . Kinetic 127 | 20 87 20 Thermal 21 | . 7 14 Explosive 18 | . 3 15 Electromagnetic . | . . . Robot Hit Streak 14 | 5 8 14 Robot Miss Streak 5 | 2 5 4 Penetration Max . | . . . Secondary Targets . | . . . Shots Hit Robots 90 | 12 53 25 Core Hits 47 | 4 29 14 Critical Kills 1 | . . 1 Critical Parts Destroyed 1 | . . 1 Critical Strikes 2 | . . 2 Destroy 2 | . . 2 Melee Attacks . | . . . Impact . | . . . Slashing . | . . . Piercing . | . . . Sneak Attacks . | . . . Combat Hostiles . | . . . Follow-up Attacks . | . . . Damage Inflicted 1549 | 96 818 635 Guns 882 | 96 506 280 Cannons . | . . . Explosions 667 | . 312 355 Melee . | . . . Ramming . | . . . Kinetic 755 | 96 472 187 Thermal 127 | . 34 93 Explosive 667 | . 312 355 Electromagnetic . | . . . Impact . | . . . Slashing . | . . . Piercing . | . . . Highest Corruption . | . . . Average Corruption . | . . . Corruption Purged . | . . . Corruption Blocked . | . . . Overload Shots . | . . . Overflow Damage 28 | . 8 20 Projectiles . | . . . Explosions 28 | . 8 20 Melee . | . . . Knockbacks . | . . . Impact . | . . . Kinetic . | . . . Secondary . | . . . Self-Inflicted Damage 48 | . . 48 Shots 2 | . . 2 Rammed . | . . . Targets Rammed . | . . . Kicked . | . . . Crushed . | . . . Highest Temperature 10 | . 10 . Average Temperature 4 | . 4 . Received Heat Transfer 294 | . 153 141 Siege Activations . | . . . Martial Activations . | . . . Shielding Activations . | . . . Robots Disrupted . | . . . Combat Hostiles . | . . . Robots Corrupted . | . . . Combat Hostiles . | . . . Parts Fried . | . . . Impact Corruptions . | . . . Robots Melted . | . . . Combat Hostiles . | . . . Parts Melted . | . . . Heat Transferred 275 | . 75 200 Parts Sabotaged . | . . . Parts Stolen . | . . . Parts Stripped . | . . . Power Chain Reactions . | . . . Alert | -11 -10 -10 ------- Run | Yrd Mat Sub Maximum Alert Level . | . . . Low Security (%) 100 | 100 100 . Level 1 . | . . . Level 2 . | . . . Level 3 . | . . . Level 4 . | . . . Level 5 . | . . . High Security . | . . . Max Security . | . . . Peak Influence 165 | 5 165 . Initial . | . . . Average 55 | . 69 . Influence Increases 461 | 10 381 70 Destroy 0b10 Robot/C 340 | . 280 60 Destroy 0b10 Robot/NC 15 | 10 5 . Destroy Leader 70 | . 60 10 Successful Hack 2 | . 2 . Destroy Structure 19 | . 19 . Lose Combat Pursuer 15 | . 15 . Influence Decreases 461 | 10 224 227 Entered New Map 76 | . . 76 Time Decay 328 | 10 214 104 Lost Part 57 | . 10 47 Squads Dispatched 3 | . 3 . Investigation 1 | . 1 . Extermination . | . . . Reinforcement 2 | . 2 . Assault . | . . . Garrison . | . . . Intercept . | . . . Searches Triggered . | . . . Construction Impeded . | . . . Haulers Reinforced . | . . . Active Scanning Responses . | . . . Cargo Convoy Interrupts . | . . . Stealth | -11 -10 -10 --------- Run | Yrd Mat Sub Distress Signals 1 | . 1 . Communications Jammed . | . . . Distress Signals . | . . . Times Spotted 31 | . 21 10 Peak Tracking Total 4 | . 4 3 Tactical Retreats 1 | . 1 . Traps | -11 -10 -10 ------- Run | Yrd Mat Sub Traps Triggered . | . . . Indirectly . | . . . Trap Hack Attempts . | . . . Triggered . | . . . Disarmed . | . . . Reprogrammed . | . . . Reused . | . . . Traps Extracted . | . . . Installed . | . . . Triggered . | . . . Machines | -11 -10 -10 ---------- Run | Yrd Mat Sub Machines Disabled . | . . . Max in Single Turn . | . . . Machines Repaired . | . . . Machines Dismantled . | . . . Machines Sabotaged . | . . . Overloaded Fab Kills . | . . . Hacking | -11 -10 -10 --------- Run | Yrd Mat Sub Machines Accessed 4 | . 3 1 Terminals 1 | . 1 . Fabricators . | . . . Repair Stations 1 | . 1 . Recycling Units 1 | . 1 . Scanalyzers . | . . . Garrison Access . | . . . Total Hacks 12 | . 8 4 Successful 9 | . 5 4 Failed 3 | . 3 . Catastrophic . | . . . Database Lockouts . | . . . Manual . | . . . Terminals 3 | . 3 . Fabricators . | . . . Repair Stations 2 | . 2 . Recycling Units 3 | . 3 . Scanalyzers . | . . . Garrison Access . | . . . Terminal Hacks 4 | . . 4 Record 4 | . . 4 Fabricator Hacks . | . . . Repair Station Hacks 2 | . 2 . Scan Component 1 | . 1 . Repair 1 | . 1 . Recycling Unit Hacks 3 | . 3 . Recycle Component 1 | . 1 . Process 1 | . 1 . Report Inventory 1 | . 1 . Scanalyzer . | . . . Garrison Access Hacks . | . . . Unauthorized Hacks . | . . . Terminals . | . . . Fabricators . | . . . Repair Stations . | . . . Recycling Units . | . . . Scanalyzers . | . . . Garrison Access . | . . . Data Cores Recovered . | . . . Used . | . . . Hacking Detections 2 | . 2 . Full Trace Events 2 | . 2 . Feedback Events . | . . . Feedback Blocked . | . . . Robot Schematics Acquired . | . . . Robots Built . | . . . Authchips . | . . . Time . | . . . Total Robot Build Rating . | . . . Part Schematics Acquired . | . . . Parts Built . | . . . Authchips . | . . . Time . | . . . Total Part Build Rating . | . . . Part Studies Acquired . | . . . Parts Repaired 1 | . 1 . Time 26 | . 26 . Parts Recycled 1 | . 1 . Recycled Matter 20 | . 20 . Retrieved Matter . | . . . Retrieved Components . | . . . Parts Scanalyzed . | . . . Part Schematics Acquired . | . . . Parts Damaged . | . . . Bothacking | -11 -10 -10 ------------ Run | Yrd Mat Sub Used RIF Installer . | . . . Robots Hacked . | . . . Non-combat . | . . . Combat . | . . . Robot Hacks Applied . | . . . Relay Couplers Released . | . . . Fabnet Peak Effective % . | . . . Robots Rewired . | . . . Allies Hacked . | . . . Hacks Repelled . | . . . Allies | -11 -10 -10 -------- Run | Yrd Mat Sub Total Allies . | . . . Largest Group . | . . . Highest-Rated Group . | . . . Highest-Rated Ally . | . . . Total Orders . | . . . Ally Attacks . | . . . Total Damage . | . . . Kills . | . . . Allies Corrupted . | . . . Allies Melted . | . . . Intel | -11 -10 -10 ------- Run | Yrd Mat Sub Active Infowar (turns) . | . . . Robot Analysis Total . | . . . Derelict Logs Recovered 1 | . . 1 Drone Launches . | . . . Drone Recoveries . | . . . Exploration | -11 -10 -10 ------------- Run | Yrd Mat Sub Turns Passed 1900 | 139 557 1204 Spaces Moved 1165 | 69 451 645 Core 161 | 10 . 151 Treads 126 | 59 67 . Legs . | . . . Wheels 300 | . . 300 Hover . | . . . Flight 578 | . 384 194 Fastest Speed 37 | 50 37 37 Average Speed 122 | 144 55 165 Slowest Speed 500 | 160 160 500 Overloaded Moves . | . . . Propulsion Burnouts . | . . . Robots Hopped 2 | . 2 . Potential Cave-ins . | . . . Cave-ins Triggered . | . . . Exploration Rate (%) 30 | 5 51 34 Regions Visited 2 Branch Regions 1 Pre-discovered Areas . | . . . Known Exits Taken . | . . . Unknown Exits Taken 2 | 1 1 . Scrap Searched . | . . . Spaces Dug . | . . . Terrain Destroyed 80 | . 21 59 Melee . | . . . Projectile . | . . . AOE 80 | . 21 59 Terrain Rammed . | . . . Walls Destroyed . | . . . Machines Disabled . | . . . Actions | -11 -10 -10 --------- Run | Yrd Mat Sub Total 1491 | 89 669 733 Wait 101 | . 101 . Move 1159 | 68 446 645 Hop 2 | . 2 . Pick Up 19 | 4 9 6 Fast Attach 24 | 7 8 9 Attach 5 | . 1 4 Detach 3 | . 2 1 Swap 15 | . 11 4 Drop 30 | . 17 13 Fire 125 | 10 72 43 Melee . | . . . Ram . | . . . Kick . | . . . Crush . | . . . Escape Stasis . | . . . Rewire . | . . . Trap . | . . . Miscellaneous 8 | . . 8 Route ------- -11/Scrapyard -10/Materials (discovered 3 exits: [*Mat x2] / *Sub) -10/Subcaves (discovered 1 exit: [*Mat]) History --------- Turn | Location | Event 7 | -11/Scrapyard | Discovered new exit (range 15) 140 | -11/Scrapyard | Entered Materials 311 | -10/Materials | Build established: Mutant 388 | -10/Materials | Repaired Ion Engine 428 | -10/Materials | Discovered new exit (range 14) 616 | -10/Materials | Discovered new exit (range 16) 694 | -10/Materials | Discovered new exit (range 6) 697 | -10/Materials | Entered Subcaves 715 | -10/Subcaves | A swath of the cavern ceiling suddenly collapsed 757 | -10/Subcaves | Core integrity fell below 50% 802 | -10/Subcaves | Core integrity fell below 20% 811 | -10/Subcaves | Lost 3 parts (1p2n) 913 | -10/Subcaves | Learned Materials security intel 960 | -10/Subcaves | Visited Clippyterm 963 | -10/Subcaves | Learned Factory garrison access intel 1560 | -10/Subcaves | Build established: Scavenger-Mutant 1836 | -10/Subcaves | Discovered new exit (range 8) 1867 | -10/Subcaves | A Subdweller sparked back to life 1867 | -10/Subcaves | A Subdweller sparked back to life 1867 | -10/Subcaves | A Subdweller sparked back to life 1901 | -10/Subcaves | Destroyed by 2F-0D0(R) with Subdweller Machine Gun Last Messages --------------- 01567_ Subatomizers dissect the Broken Sub. Machine Gun, destroying it. 01835_ Scrap Shield Fragment affixed to Scrap Shield (+22). 01836_ EXIT=FOUND 01856_ Scrap Shield Fragment affixed to Scrap Shield (+38). 01867_ XJ-0UN(R) creaks and sparks as it begins to move. 01867_ 2F-0D0(R) creaks and sparks as it begins to move. 01867_ T5-RZG(R) creaks and sparks as it begins to move. 01870_ XJ-0UN(R) destroyed. 01880_ Scrap Shield Fragment affixed to Scrap Shield (+47). 01881_ T5-RZG(R) destroyed. 01893_ Acquired 32 matter. 01896_ 2F-0D0(R) affixes Scrap Shield Fragment to Scrap Shield. Map ----- +----------------------------------------------------+ | #####??# #??#### ## # #???## ##???? | | #?# ??# ### ####### ###??## #????? | | ###?# ??# #??## #??### #????? | | #???# ### ##### #### #????? | | #????# ## ## #????? | | ##### ### ## ##????? | | ### #####?## #### ##?????? | | ### ##??### #?# #??????? | | # #### ##?# ##??????? | | #?## #??????? | | ### #??????? | | ### ## ### ###?????? | | ???#??# ######### ##????? | | ?????# #### ## ##??## ## #????? | | ??? #???# #???##### ##????? | | ????######## #?###???# ###???? | | ???????????# ## ##?## #???? | | #### ????????????# ###### ### #???? | | ???## ????????????# ##?### ## #???? | | ????# ?????????????# #### # ### ### #???? | | ????#?????????????# ## ####?## ####???? | | ?????????????????# # ##?????# ###???? | | ?????????????????## ### ######??????# #???? | | ??????????????????#### # < #?????????# ##???? | | ?????????????????????# << #?????????## #????? | | ?????????????????????# @ ## ????????# #????? | | ?????????????????????# ! ] <## ???????# #????? | | ?????????????????????# *#R ## ###????# #????? | | ?????????????????????#=!%#<#### ????# ##????? | | ?????????????????????# <=#?#### ????# ##????? | | ?????????????????????# &#### ???# #????? | | ?????????????????????###??# ??## #????? | | ?????????????????????????# ### #????? | | ????????????????????????????# #????? | | ????????????????????????????# ##????? | | ????????????????????????????## ##?????? | | ?????????????????????????????## #??????? | | ??????????????????????????????# ##??????? | | ??????????????????????????????# ####????? | | ??????????????????????????# ### #????? | | ?????????????????????????# #??## #????? | | ????????????????????????? ??### #????? | | ?????????????????????????? #### ???# #????? | | ??????????????????????????????###????## #????? | | ??????????????????????????????????????# ##????? | | ?????????????????????????????????#???## #?????? | | ?????????????????????????????????# ### ##?????? | | ?????????????????????????????????# ###??????? | | ?????????????????????????????????# = #????????? | | ?????????????????????????????????### #????????? | +----------------------------------------------------+ Best States ------------- Heat Dissipation 25 Coolant Potential 50 Energy Generation 15 Energy Capacity 350 Matter Stores 300 Matter Capacity 300 Sight Range 16 Terrain Scan Density 10 Armor Coverage 800 Evasion (%) 62 Recoil Reduction 2 Item Schematics ----------------- None Robot Schematics ------------------ None Fabricated ------------ Nothing Repaired ---------- Ion Engine | 50% | -10/Materials Studied --------- None Alien Tech Used ----------------- None Achievements -------------- Survival Of The Most Covered Use The Force Challenges ------------ None Game ------ Seed AlphaPhysicsKit Manual? 0 Play Time 00:25:10 Cumulative 3.7 hours Start 2025.11.25 @ 20:25:50 End 2025.11.25 @ 20:59:25 Sessions 1 Manual Loads 0 Difficulty Rogue Special Mode None Game No. 8 Rogue 2 Adventurer 6 Explorer 0 Win Type - Total 0 Types 0/0/0/0/0/0/0/0/0/0 Lore% 1 Gallery% 8 Achievement% 6 Wizard Run 0 Options --------- Layout 1 ASCII 0 Keyboard 0 Movement Mouse Keybinds 0 Fullscreen 1 Font 24/Smallcaps Map View 50x35 Zoom Use 0% Tactical HUD 1 Map Filters NONE Filters NONE Steam 1 RUN: 0b1bce11-c290-4251-b272-8c5537231fe6